 Dungeon Crawl Stone Soup version 0.22.1-2-g9c5b331383 (webtiles) character file.

153 Honti the Firebug (level 5, 0/28 HPs)
             Began as a Deep Elf Fire Elementalist on Jan 3, 2019.
             Succumbed to a kobold's poison
             ... on level 4 of the Dungeon.
             The game lasted 00:16:49 (3831 turns).

Honti the Firebug (Deep Elf Fire Elementalist)      Turns: 3831, Time: 00:16:50

Health: 0/28       AC:  3    Str:  5    XL:     5   Next: 12%
Magic:  13/13      EV: 28    Int: 26    God:
Gold:   169        SH:  0    Dex: 15    Spells: 8/12 levels left

rFire    . . .     SeeInvis .   h - +0 hunting sling
rCold    . . .     Gourm    .   (no shield)
rNeg     . . .     Faith    .   a - +0 robe
rPois    .         Spirit   .   (no helmet)
rElec    .         Reflect  .   (no cloak)
rCorr    .         Harm     .   (no gloves)
MR       .....                  n - +0 pair of boots
Stlth    ++........             m - amulet of the acrobat
HPRegen  0.09/turn              o - ring of wizardry
MPRegen  0.13/turn              (no ring)

@: brilliant, lethally poisoned (0 -> -18)
A: no striking features
a: no special abilities


You were on level 4 of the Dungeon.
You were not hungry.

You visited 1 branch of the dungeon, and saw 4 of its levels.

You collected 169 gold pieces.

Inventory:

Hand Weapons
 b - a +0 dagger
 h - a +0 hunting sling (weapon)
Missiles
 d - 136 stones (quivered)
 j - 19 poisoned needles
 p - 4 curare-tipped needles
Armour
 a - a +0 robe (worn)
 n - a +0 pair of boots (worn)
Jewellery
 m - an amulet of the acrobat (around neck)
 o - a ring of wizardry (left hand)
Scrolls
 g - 2 scrolls of amnesia
 k - a scroll of enchant armour {unknown}
 l - a scroll of remove curse
 r - 2 scrolls of teleportation
Potions
 s - a potion of agility
Comestibles
 c - 5 rations


   Skills:
 - Level 2.4 Dodging
 - Level 2.4 Stealth
 + Level 4.1 Spellcasting
 * Level 3.5 Conjurations
 * Level 4.8 Fire Magic


You had 8 spell levels left.
You knew the following spells:

 Your Spells              Type           Power        Failure   Level  Hunger
a - Flame Tongue          Conj/Fire      #####        1%          1    None
b - Conjure Flame         Conj/Fire      #####...     1%          3    ##.....

Your spell library contained the following spells:

 Spells                   Type           Power        Failure   Level  Hunger
 Throw Flame              Conj/Fire      #####.       1%          2    None
 Inner Flame              Hex/Fire       ####....     1%          3    ##.....
 Sticky Flame             Conj/Fire      #####...     1%          4    ####...
 Fireball                 Conj/Fire      #####.....   4%          5    #####..


Dungeon Overview and Level Annotations

Branches:
Dungeon (4/15)
 Temple: D:4-7

Altars:
Fedhas
Makhleb

Annotations:
D:2 Sigmund
D:3 Robin


Message History

There is a lethal amount of poison in your body!
There is a lethal amount of poison in your body!
There is a lethal amount of poison in your body!
There is a lethal amount of poison in your body!
There is a lethal amount of poison in your body!
You feel sick.
* * * LOW HITPOINT WARNING * * *
You feel sick.
It was a potion of cancellation.
You feel magically purged.
* * * LOW HITPOINT WARNING * * *
You feel sick.
It was a potion of brilliance.
You feel clever all of a sudden.
* * * LOW HITPOINT WARNING * * *
You feel sick.
Okay, then.
Okay, then.
* * * LOW HITPOINT WARNING * * *
You feel sick.
You die...

##### #...#
#...#
####...####
####.?.......#
.............#
#.......[.#
#@..# #.(.#
....# ###..#
.%# ..# ...
....


There were no monsters in sight!

Vanquished Creatures
  2 orc wizards
  2 adders (D:2)
  A worm (D:2)
  9 dart slugs
  A leopard gecko (D:1)
  12 orcs (D:3)
  2 goblins (D:2)
  5 hobgoblins
  2 jackals (D:2)
  2 quokkas (D:3)
  3 bats (D:2)
  5 kobolds
  6 rats
52 creatures vanquished.

Notes
Turn   | Place    | Note
-------+----------+-------------------------------------------
     0 | D:1      | Honti the Deep Elf Fire Elementalist began the quest for
                  | the Orb.
     0 | D:1      | Reached XP level 1. HP: 10/10 MP: 6/6
  1076 | D:1      | Reached XP level 2. HP: 15/15 MP: 6/8
  1545 | D:2      | Found a burning altar of Makhleb.
  1761 | D:2      | Reached XP level 3. HP: 19/19 MP: 6/9
  1994 | D:2      | Noticed Sigmund
  2042 | D:2      | Learned a level 3 spell: Conjure Flame
  2118 | D:2      | Reached XP level 4. HP: 5/24 MP: 7/11
  2589 | D:3      | Noticed Robin
  2605 | D:3      | Found a blossoming altar of Fedhas.
  2912 | D:3      | Found a blossoming altar of Fedhas.
  3735 | D:3      | Reached XP level 5. HP: 28/28 MP: 10/13
  3831 | D:4      | Succumbed to a kobold's poison

Skill      XL: |  1  2  3  4 |
---------------+-------------+-----
Conjurations   | 2 3 |  3.5
Fire Magic     | 4 |  4.8
Spellcasting   | 4 |  4.1
Dodging        | |  2.4
Stealth        | |  2.4

Action                   |  1- 3 |  4- 6 || total
-------------------------+-------+-------++-------
Melee: Dagger            |     9 |       ||     9
 Fire: Hunting sling     |       |    77 ||    77
Throw: Stone             |    35 |       ||    35
 Cast: Flame Tongue      |    56 |    31 ||    87
       Conjure Flame     |       |     2 ||     2
  Use: Potion            |     5 |     2 ||     7
       Scroll            |     1 |     4 ||     5
 Stab: Sleeping          |     1 |       ||     1
  Eat: Chunk             |     3 |     1 ||     4
       Ration            |       |     2 ||     2
Armor: Robe              |     5 |     4 ||     9
Dodge: Dodged            |    18 |    12 ||    30
